 Dungeon Crawl Stone Soup version 0.31-a0-851-g7ff8af7976 (webtiles) character file.

Game seed: 7634725078969983769

3110 wvc the Grappler (level 9, 0/181 (186) HPs)
             Began as a Troll Gladiator on Oct 5, 2023.
             Was a Follower of Ashenzari.
             Slain by a killer bee (3 damage)
             ... on level 9 of the Dungeon.
             The game lasted 00:18:49 (6148 turns).

wvc the Grappler (Troll Gladiator)                  Turns: 6148, Time: 00:18:50

HP:   0/181 (186)   AC: 24    Str: 24    XL:     9   Next: 60%
MP:   0/17          EV:  1    Int:  8    God:    Ashenzari [*.....]
Gold: 479           SH:  0    Dex: 11    Spells: 8/8 levels left

rFire   . .          .
                       - Unarmed
rCold   . . .        (no shield)
rNeg    . . .        G - melded +0 steam dragon scales
rPois   +            b - melded +0 hat of the Gnostic Secrets {Range, Bglg} (curse)
rElec   .            B - melded +2 cloak "Thunder Perfect Mind" {Will+, Melee, Elem} (curse)
rCorr   .            (gloves unavailable)
SInv    .            (boots unavailable)
Will    .....        h - amulet of guardian spirit Stlth
                     l - ring of magical power
HPRegen 1.30/turn    (no ring)
MPRegen 0.15/turn

%: guardian spirit
@: berserking, lethally poisoned (0 -> -1), tree-form, lightly drained, very
quick
A: stationary, stasis, torment immunity, boosted hp, large, unfitting armour,
(claws 3), regeneration 1, (shaggy fur 1), (tough skin 1)
a: Renounce Religion, Curse Item, Shatter the Chains


You were on level 9 of the Dungeon.
You worshipped Ashenzari.
Ashenzari was aware of your devotion.
You were a tree.
You visited 2 branches of the dungeon, and saw 10 of its levels.

You collected 479 gold pieces.

Inventory:

Missiles
 c - 3 throwing nets
 d - 4 large rocks (quivered)
 A - 28 poisoned darts
Armour
 a - an orb of guile
 b - the cursed +0 hat of the Gnostic Secrets (melded) {Range, Bglg}

   It has a curse which improves the following skills: Ranged Combat: Ranged
   Weapons and Throwing.
   Beguiling: Conjurations, Hexes and Translocations.
 f - an orb of light
 r - an orb of mayhem
 B - the cursed +2 cloak "Thunder Perfect Mind" (melded) {Will+, Melee, Elem}
   (You found it on level 4 of the Dungeon)

   It has a curse which improves the following skills: Melee Combat: Short
   Blades, Long Blades, Axes, Maces & Flails, Polearms, Staves and Unarmed
   Combat.
   Elements:  Fire Magic, Ice Magic, Air Magic and Earth Magic.
 G - +0 steam dragon scales (melded)
Jewellery
 h - an amulet of guardian spirit (around neck)
 l - a ring of magical power (left branch)
 t - a ring of flight
 z - the ring of Starshine {Drain rPois rF- rCorr Str+8}
   (You found it on level 4 of the Dungeon)

   [ring of poison resistance]

   Str+8:     It affects your strength (+8).
   rF-:       It makes you vulnerable to fire.
   rPois:     It protects you from poison rCorr: It protects you from acid and
   corrosion.
   Drain:     It drains your maximum health when unequipped.
 D - a ring of positive energy
Talismans
 m - a maw talisman
Wands
 u - a wand of flame (10)
 v - a wand of polymorph (11)
 x - a wand of digging (4)
 H - a wand of roots (14)
 K - a wand of light (4)
Scrolls
 e - a scroll of immolation
 i - 7 scrolls of identify
 k - 2 scrolls of vulnerability
 p - a scroll of teleportation
 y - a scroll of fog
 C - a scroll of noise
Potions
 g - a potion of invisibility
 q - 2 potions of lignification
 s - 4 potions of curing
 w - a potion of attraction
 E - 2 potions of brilliance
 I - a potion of mutation
 J - a potion of resistance


   Skills:
 + Level 3.3 Fighting
 - Level 1.7 Throwing
 * Level 4.8 Armour
 - Level 2.4 Dodging
 - Level 11.9 Unarmed Combat


You had 8 spell levels left.
You didn't know any spells.
Your spell library contained the following spells:

 Spells                   Type           Power      Damage    Failure   Level
 Freeze                   Ice            0%         1d3       41%         1
 Shock                    Conj/Air       0%         1d3       41%         1
 Frozen Ramparts          Ice            0%         1d1       78%         3
 Hailstorm                Conj/Ice       0%         3d3       78%         3
 Stone Arrow              Conj/Erth      0%         3d7       78%         3
 Swiftness                Air            0%         N/A       78%         3
 Airstrike                Air            0%         2d(0-16)  99%         4
 Animate Armour           Summ/Erth      0%         N/A       99%         4
 Summon Ice Beast         Ice/Summ       0%         N/A       99%         4
 Summon Mana Viper        Hex/Summ       0%         N/A       100%        5
 Monstrous Menagerie      Summ           0%         N/A       100%        7
 Lehudib's Crystal Spear  Conj/Erth      0%         10d2      100%        8


Dungeon Overview and Level Annotations

Branches:
Dungeon (9/15)             Temple (1/1) D:5
   Lair: D:8-11         Orc: D:9-12

Altars:
Ashenzari
Cheibriados
Dithmenos
Elyvilon
Fedhas
Gozag
Hepliaklqana
Kikubaaqudgha
Makhleb
Nemelex Xobeh
Okawaru
Qazlal
Sif Muna
Uskayaw
Wu Jian
Xom
Yredelemnul
Zin
The Shining One

Shops:
D:4 *   D:6 ?   D:8 !

Portals:
Bailey: D:9


Innate Abilities, Weirdness & Mutations

You are a tree.
Your roots penetrate the ground, keeping you stationary.
You cannot be teleported.
You are immune to unholy pain and torment.
Your maximum health is greatly increased.
Your equipment is partially melded.
You are too large for most types of armour.
((You have claws for hands.))
Your natural rate of healing is unusually fast.
((You are covered in fur. (AC +1)))
((You have tough skin. (AC +1)))


Message History

* * * LOW HITPOINT WARNING * * *
The killer bee rages.
The killer bee stings you.
* * * LOW HITPOINT WARNING * * *
The killer bee stings you!
* * * LOW HITPOINT WARNING * * *
The killer bee stings you but does no damage.
The killer bee stings you.
* * * LOW HITPOINT WARNING * * *
The killer bee stings you but does no damage. x3
You feel much better.
You feel sick.
The killer bee stings you but does no damage. x2
The killer bee stings you.
* * * LOW HITPOINT WARNING * * *
The killer bee stings you but does no damage.
The killer bee stings you.
* * * LOW HITPOINT WARNING * * *
The killer bee stings you!
* * * LOW HITPOINT WARNING * * *
The killer bee stings you but does no damage. x3
The killer bee barely misses you.
The killer bee stings you but does no damage.
Okay, then.
A red film seems to cover your vision as you go berserk!
You feel yourself moving faster!
You feel mighty!
You feel sick. The killer bee barely misses you. The killer bee stings you.
* * * LOW HITPOINT WARNING * * *
You are more poisoned.
The killer bee poisons you! The killer bee stings you.
* * * LOW HITPOINT WARNING * * *
The killer bee stings you but does no damage.
The killer bee stings you.
* * * LOW HITPOINT WARNING * * *
The killer bee stings you but does no damage. x2
The queen bee calls on the killer bee to defend it!
The killer bee goes berserk!
The killer bee stings you!
* * * LOW HITPOINT WARNING * * *
The killer bee stings you but does no damage. x2
The killer bee stings you.
You die...

§§§§§§ .§§§§§###
#§§§§§#§ .§§§§§##
#§§§§§####§.
#§###§y§§§§§§§
#§§§§yyy§§###§#
.. #y♣yy§§§§§#
.##..##§##§§###§#
....§§§.#.§#
#§§§§§....# #
##§#§§.##.# .#
#§§§§....#####.#
##§§§...8[.....#
##§§8.....8...#
#............##


You could see a queen bee and 6 killer bees.

Vanquished Creatures
  A wyvern (D:8)
  2 steam dragons (D:8)
  A water moccasin (D:8)
  2 orc warriors
  2 black bears
  3 ogres
  4 centaurs
  A kobold brigand (D:8)
  2 bullfrogs (D:6)
  3 scorpions
  5 wights (D:8)
  3 killer bees (D:9)
  A howler monkey (D:7)
  3 hounds
  3 jellies
  An orc priest (D:6)
  4 iron imps
  Terence (D:3)
  3 iguanas
  2 orc wizards
  Ijyb (D:3)
  5 sleepcaps
  Robin (D:2)
  6 adders
  A shadow imp (D:7)
  2 white imps
  2 ufetubi
  6 worms
  A dart slug (D:1)
  15 orcs
  7 ball pythons
  8 endoplasms
  4 giant cockroaches
  12 goblins
  6 hobgoblins
  12 kobolds
  6 quokkas
  4 bats
  A frilled lizard (D:3)
  4 rats
151 creatures vanquished.

Notes
Turn   | Place    | Note
-------+----------+-------------------------------------------
     0 | D:1      | wvc the Troll Gladiator began the quest for the Orb.
     0 | D:1      | Reached XP level 1. HP: 19/19 MP: 0/0
   101 | D:1      | Reached XP level 2. HP: 27/27 MP: 1/1
   195 | D:1      | Reached skill level 4 in Unarmed Combat
   502 | D:2      | Reached XP level 3. HP: 33/33 MP: 2/2
   752 | D:2      | Reached XP level 4. HP: 41/41 MP: 3/3
   796 | D:2      | Reached skill level 5 in Unarmed Combat
   969 | D:2      | Noticed Robin
   981 | D:2      | Killed Robin
  1150 | D:3      | Found a shimmering altar of Xom.
  1221 | D:3      | Noticed Ijyb
  1221 | D:3      | Noticed Terence
  1246 | D:3      | Killed Ijyb
  1382 | D:3      | Reached XP level 5. HP: 48/48 MP: 4/4
  1397 | D:3      | Killed Terence
  1398 | D:3      | Reached skill level 6 in Unarmed Combat
  1616 | D:3      | Found a burning altar of Makhleb.
  1644 | D:3      | Reached XP level 6. HP: 52/55 MP: 5/5
  1649 | D:3      | Reached skill level 7 in Unarmed Combat
  1842 | D:4      | Found a hazy altar of Hepliaklqana.
  1842 | D:4      | Found a broken altar of Ashenzari.
  1847 | D:4      | Became a worshipper of Ashenzari the Shackled
  1896 | D:4      | Found an opulent altar of Gozag.
  2202 | D:4      | Identified the ring of Starshine {Drain rPois rF- rCorr
                  | Str+8}
  2537 | D:4      | Found Ofisumenn's Lightly-Used Armoury.
  2699 | D:4      | Reached skill level 8 in Unarmed Combat
  2699 | D:4      | Reached XP level 7. HP: 53/62 MP: 6/6
  2858 | D:5      | Entered Level 5 of the Dungeon
  2859 | D:5      | You fall into a shaft and drop 1 floor!
  2972 | D:6      | Found a sparkling altar of Nemelex Xobeh.
  3028 | D:5      | Found an iron altar of Okawaru.
  3135 | D:5      | Found a shadowy altar of Dithmenos.
  3295 | D:5      | Reached skill level 9 in Unarmed Combat
  3362 | D:5      | Found a staircase to the Ecumenical Temple.
  3529 | Temple   | Entered the Ecumenical Temple
  3680 | D:6      | Reached XP level 8. HP: 45/70 MP: 7/7
  3754 | D:6      | Reached skill level 10 in Unarmed Combat
  3810 | D:6      | Reached * piety under Ashenzari
  4068 | D:6      | Reached skill level 11 in Unarmed Combat
  4114 | D:6      | Found a glowing silver altar of Zin.
  4224 | D:6      | Found Vaedah's Magic Scroll Shop.
  4426 | D:7      | Found an ornate altar of the Wu Jian Council.
  4595 | D:7      | Found a white marble altar of Elyvilon.
  4666 | D:7      | Found a basalt altar of Yredelemnul.
  4791 | D:7      | Reached skill level 1 in Armour
  4796 | D:7      | Reached XP level 9. HP: 79/79 MP: 8/8
  5176 | D:8      | Found a snail-covered altar of Cheibriados.
  5233 | D:8      | Found Fibeaceng's Distillery.
  6072 | D:9      | Found a flagged portal.
  6138 | D:9      | Noticed a queen bee
  6146 | D:9      | HP: 6/121 [killer bee (6)]
  6146 | D:9      | HP: 2/121 [killer bee (4)]
  6148 | D:9      | Slain by a killer bee

Illustrated notes

Levels and vault maps discovered:
D:1:      denvon_arrival_planthouse, layout_rooms
D:2:      layout_basic, nicolae_wormholes, uniq_robin
D:3:      layout_rooms, demons_altar, dk_xom_monty_hall, uniq_terence, uniq_ijyb
D:4:      layout_loops_corners, grunt_gozag_breadcrumbs,
          gammafunk_temple_overflow_wave, minmay_shop_damaged, grunt_tough_drop
D:5:      layout_rooms, nicolae_dithmenos_shadow_blocks, okawaru_trees_2,
          minmay_temple_entry_trees
D:6:      layout_rooms, mainiacjoe_overflow_alcove_2,
          mainiacjoe_overflow_tiny_flanked, serial_shops,
          nicolae_shop_rolled_up, minmay_checkerbox
D:7:      layout_basic, kennysheep_ying_yang, nzn_wu_jian_contemplation,
          dk_noncrumbling_3
D:8:      layout_basic, slow_altar_2, serial_shops, shop
D:9:      layout_loops_corners, mainiacjoe_overflow_24_doors, erik_lair_island,
          serial_shops, shop_fountains, enter_bailey_6, minivault_7
Temple:   hellmonk_temple_flake

Skill      XL: |  1  2  3  4  5  6  7  8  9 |
---------------+----------------------------+-----
Unarmed Combat | 4 5 6 8 9 11 | 11.9
Armour         | 1 4 |  4.8
Fighting       | 3 |  3.3
Throwing       | |  1.7
Dodging        | |  2.4

Action                     |  1- 3 |  4- 6 |  7- 9 || total
---------------------------+-------+-------+-------++-------
  Melee: Unarmed           |   111 |   150 |   196 ||   457
         Punch             |     2 |     9 |    10 ||    21
  Throw: Large rock        |     2 |     2 |    20 ||    24
 Invoke: Curse Item        |       |     1 |     1 ||     2
  Evoke: Wand              |       |       |     1 ||     1
    Use: Scroll            |       |       |    14 ||    14
         Potion            |       |       |     4 ||     4
   Stab: Sleeping          |       |     1 |       ||     1
         Confused          |       |     1 |       ||     1
 Armour: Robe              |    71 |    11 |       ||    82
         Animal skin       |       |    55 |   106 ||   161
         Skin              |       |     8 |    83 ||    91
         Steam dragon scal |       |       |    52 ||    52
  Dodge: Dodged            |    46 |    54 |    97 ||   197

Table legend: (Time is in decaauts)
 A = Elapsed time spent in this place.
 B = Non-inter-level travel time spent in this place.
 C = Inter-level travel time spent in this place.
 D = Time resting spent in this place.
 E = Time spent auto-exploring this place.
 F = Levels seen in this place.
 G = Mean time per level.
                   A        B        C        D        E       F      G
               +--------+--------+--------+--------+--------+-----+--------+
         Total |   6077 |   5810 |    267 |    100 |   4344 |  10 |  607.7 |
       Dungeon |   6076 |   5809 |    267 |    100 |   4344 |   9 |  675.1 |
        Temple |      1 |      1 |      0 |      0 |      0 |   1 |    1.0 |
               +--------+--------+--------+--------+--------+-----+--------+

Top non-repeatable levels by time:
     D:4: 1022 daAuts
     D:8: 966 daAuts
     D:7: 821 daAuts
     D:6: 802 daAuts
     D:2: 663 daAuts
     D:3: 649 daAuts
     D:5: 587 daAuts
     D:1: 477 daAuts
     D:9: 85 daAuts
  Temple: 1 daAuts
